 Dungeon Crawl Stone Soup version 0.22-a0-456-g11ed031617 (webtiles) character file.

58 Kriby the Skirmisher (level 4, 0/36 HPs)
             Began as a Human Abyssal Knight on June 7, 2018.
             Was a Follower of Lugonu.
             Slain by a hobgoblin
             ... wielding a +0 spear
              (5 damage)
             ... on level 3 of the Dungeon.
             The game lasted 00:03:13 (2380 turns).

Kriby the Skirmisher (Human Abyssal Knight)         Turns: 2380, Time: 00:03:13

Health: 0/36       AC:  4    Str: 14    XL:     4   Next: 20%
Magic:  14/14      EV: 11    Int: 12    God:    Lugonu [*.....]
Gold:   67         SH:  0    Dex: 12    Spells: 3/3 levels left

rFire    . . .     SeeInvis +   a - +1 hand axe
rCold    . . .     Gourm    .   (no shield)
rNeg     . . .     Faith    .   b - +0 leather armour
rPois    .         Spirit   .   k - +0 hat
rElec    .         Reflect  .   (no cloak)
rCorr    .         Harm     .   w - +0 pair of gloves
MR       .....                  (no boots)
Stlth    +.........             (no amulet)
HPRegen  0.12/turn              o - ring of magical power
MPRegen  0.14/turn              i - ring of see invisible

@: no status effects
A: no striking features
a: Depart the Abyss, Renounce Religion


You were on level 3 of the Dungeon.
You worshipped Lugonu.
Lugonu was aware of your devotion.
You were not hungry.

You visited 1 branch of the dungeon, and saw 3 of its levels.
You visited the Abyss 1 time.

You collected 67 gold pieces.

Inventory:

Hand Weapons
 a - a +1 hand axe (weapon)
 l - a +0 short sword of draining
 t - a +3 dagger
Armour
 b - a +0 leather armour (worn)
 k - a +0 hat (worn)
 u - a +0 crystal plate armour
 w - a +0 pair of gloves (worn)
Jewellery
 i - a ring of see invisible (right hand)
 o - a ring of magical power (left hand)
Scrolls
 g - 2 scrolls of remove curse {@r2}
 n - 2 scrolls of identify {@r1}
 x - 2 scrolls of fog
Potions
 e - 2 potions of resistance
 p - a potion of might {@q4}
Comestibles
 c - 3 rations {@e1}
 h - 4 chunks of flesh


   Skills:
 + Level 3.6 Fighting
 * Level 3.6 Axes
 - Level 2.0 Armour
 - Level 1.0 Dodging
 - Level 2.0 Invocations


You had 3 spell levels left.
You didn't know any spells.
Your spell library was empty.

Dungeon Overview and Level Annotations

Branches:
Dungeon (3/15)

Altars:
Makhleb
Qazlal
Trog
Uskayaw


Message History

h - 6 chunks of flesh (gained 4)
Things that are here:
a dagger; a leather armour; 23 stones There isn't anything to butcher here.
You see here a stone.
You start resting.
Some of the chunks of flesh in your inventory have rotted away.
The hobgoblin is too close now for your liking.
A hobgoblin is nearby!
A hobgoblin is nearby!
The hobgoblin closely misses you. The hobgoblin hits you with a spear.
You see here a stone.
You barely miss the hobgoblin. The hobgoblin hits you with a spear.
You hit the hobgoblin but do no damage. The hobgoblin hits you with a spear.
* * * LOW HITPOINT WARNING * * *
You hit the hobgoblin but do no damage. The hobgoblin hits you with a spear.
* * * LOW HITPOINT WARNING * * *
You barely miss the hobgoblin. The hobgoblin hits you with a spear.
You die...

# #..# *#.# ****,***.#,**
*,, ####.## *..#
**,,,,**#.#,* **, .....#
**.##***,,***##..,,* *,
.#####***..,,,,,,***#...,***
*, .# *,,,,******* *..#*,,**
*, .# **,**,* ##.#***,,* *,
.# *,,,,,* ##..# **,** *, ##
*,*****######).## *,,****,
.# *,* #...@g.## **,,,**, .#
*** #.###### ***,,,, .# ###
***** .# .# ## #


You could see a hobgoblin.

Vanquished Creatures
  2 dart slugs (D:1)
  2 leopard geckos (D:1)
  An orc (D:3)
  12 bats
  2 giant cockroaches
  6 hobgoblins
  4 kobolds
  A quokka (D:3)
  2 ball pythons (D:1)
  4 frilled lizards (D:1)
  8 goblins
  4 rats
48 creatures vanquished.

Notes
Turn   | Place    | Note
-------+----------+-------------------------------------------
     0 | Abyss:1  | Kriby the Human Abyssal Knight began the quest for the Orb.
     0 | Abyss:1  | Reached XP level 1. HP: 18/18 MP: 2/2
   133 | Abyss:1  | Noticed a neqoxec
   133 | Abyss:1  | Noticed a sixfirhy
   134 | D:1      | Escaped the Abyss
   255 | D:1      | Reached XP level 2. HP: 24/24 MP: 3/3
   384 | D:1      | Reached * piety under Lugonu
   507 | D:1      | Reached XP level 3. HP: 22/29 MP: 4/4
  1509 | D:2      | Found a bloodstained altar of Trog.
  1952 | D:2      | Reached XP level 4. HP: 35/35 MP: 5/5
  2006 | D:2      | Found a stormy altar of Qazlal.
  2011 | D:2      | Found a burning altar of Makhleb.
  2018 | D:2      | Found a hide-covered altar of Uskayaw.
  2200 | D:3      | HP: 2/54 [poisoned by a kobold]
  2380 | D:3      | Slain by a hobgoblin

Vault maps used:
D:1:      minmay_arrival_doors, st_stairs_5
D:2:      minmay_overflow_temple_star_quad, bloody_trog
D:3:      regret_index_temple_of_mockery, first_ration, minmay_unequal
Abyss:1:  minivault_24, abyss_greek_temple

Skill      XL: |  1  2  3 |
---------------+----------+-----
Axes           | 3 |  3.6
Fighting       | |  3.6
Armour         | |  2.0
Dodging        | |  1.0
Invocations    | |  2.0

Action                   |  1- 3 |  4- 6 || total
-------------------------+-------+-------++-------
Melee: Hand axe          |   113 |    24 ||   137
       Dagger            |     2 |       ||     2
Invok: Depart the Abyss  |     1 |       ||     1
  Use: Scroll            |       |     8 ||     8
       Potion            |       |     7 ||     7
 Stab: Sleeping          |     1 |       ||     1
  Eat: Chunk             |     3 |     2 ||     5
Armor: Leather armour    |    49 |    15 ||    64
       Skin              |       |    25 ||    25
Dodge: Dodged            |    90 |    30 ||   120

Table legend:
 A = Spawn XP
 B = Non-spawn XP
 C = Spawn XP percentage of total XP
 D = Spawn monster count
 E = Non-spawn monster count
 F = Spawn count percentage of total count
 G = Total turns spent on level
                    A         B        C        D         E        F      G
               +---------+---------+-------+---------+---------+-------+---------
         Total |       0 |      83 |   0.0 |       0 |      48 |   0.0 |  2380
               +---------+---------+-------+---------+---------+-------+---------
           D:1 |       0 |      54 |   0.0 |       0 |      30 |   0.0 |  1167
           D:2 |       0 |      17 |   0.0 |       0 |      12 |   0.0 |   788
           D:3 |       0 |      12 |   0.0 |       0 |       6 |   0.0 |   291
               +---------+---------+-------+---------+---------+-------+---------
